AoeStats
← ^8Fischy^3123

Black Forest

509630989Analyzed
2v2 RM · 3d ago on Sep 27, 2026· 83m 4s· 4 players
Game mode
Random Map
Map size
Medium (4 player)
Population
200
Speed
Normal
Resources
Standard
Victory
Conquest
Starting age
Dark Age
Ending age
Imperial Age
RankedLock teamsTeams togetherTeam positionsShared explorationLock speedFull tech treeHidden civsTurbo modeCheats
Victory
Defeat
🇩🇪 Danes · Germany
841
+23
🇭🇺 Franks · Hungary
768
+18
🇬🇷 Dravidians · Greece
836
-17
🇦🇺 Persians · Australia
792
-16
Denys
1:03 Loom
12:47 Feudal Age
18:18 Castle Age
16:20 Double-Bit Axe
20:09 Bow Saw
19:45 Horse Collar
21:31 Stone Mining
21:56 Heavy Plow
22:09 Bow Saw
29:31 Gold Mining
31:06 Husbandry
35:07 Caravan
36:13 Thumb Ring
37:38 Wheelbarrow
36:48 Town Watch
37:29 Padded Archer Armor
37:35 Scale Barding Armor
37:20 Fletching
41:45 Imperial Age
40:38 Ballistics
40:27 Bodkin Arrow
40:47 Leather Archer Armor
40:52 Chain Barding Armor
43:50 Chemistry
42:52 Bracer
43:23 Ring Archer Armor
43:50 Conscription
44:14 Guilds
44:38 Elite Elephant Archer
45:25 Pikeman
46:05 Squires
46:50 Halberdier
49:15 Hand Cart
54:09 Forging
53:59 Scale Mail Armor
68:14 Arson
76:43 Murder Holes
TwisteR_NooB
0:32 Loom
14:20 Feudal Age
15:57 Wheelbarrow
17:22 Double-Bit Axe
17:24 Town Watch
24:29 Castle Age
25:20 Caravan
27:08 Gold Mining
27:53 Bow Saw
30:47 Hand Cart
30:32 Town Patrol
32:43 Town Patrol
33:04 Padded Archer Armor
32:54 Fletching
33:11 Pikeman
37:55 Kamandaran
44:44 Imperial Age
44:18 Leather Archer Armor
43:58 Bodkin Arrow
43:29 Crossbowman
45:01 Thumb Ring
46:29 Bodkin Arrow
47:05 Ring Archer Armor
48:02 Elite War Elephant
50:33 Cavalier
52:26 Ballistics
53:06 Chemistry
52:35 Scale Barding Armor
52:34 Husbandry
52:44 Bloodlines
59:39 Heavy Camel Rider
70:37 Savar
75:43 Chain Barding Armor
83:22 Plate Barding Armor
^8Fischy^3123
0:43 Loom
11:40 Feudal Age
12:47 Double-Bit Axe
17:13 Horse Collar
21:49 Castle Age
20:09 Stone Mining
21:47 Gold Mining
23:44 Town Watch
24:35 Wheelbarrow
27:15 Gold Shaft Mining
27:15 Bow Saw
27:50 Heavy Plow
28:12 Fletching
38:14 Scale Mail Armor
45:05 Imperial Age
46:38 Stone Shaft Mining
46:32 Caravan
46:23 Heavy Scorpion
48:32 Elite Varangian Guard
51:46 Onager
52:52 Padded Archer Armor
52:48 Bodkin Arrow
55:46 Ballistics
55:21 Murder Holes
56:27 Chemistry
57:00 Bracer
57:10 Forging
62:08 Bloodlines
61:18 Light Cavalry
62:27 Hamask
63:46 Scale Barding Armor
64:17 Iron Casting
suvdan.77
0:52 Loom
14:48 Feudal Age
18:52 Castle Age
34:07 Gold Mining
34:08 Stone Mining
36:55 Imperial Age
35:03 Double-Bit Axe
35:57 Gold Shaft Mining
34:46 Man-at-Arms
34:47 Pikeman
35:13 Gambesons
35:29 Squires
35:31 Long Swordsman
36:27 Forging
36:18 Scale Mail Armor
36:23 Scale Barding Armor
36:19 Padded Archer Armor
36:10 Fletching
37:20 Chain Mail Armor
37:44 Iron Casting
37:49 Wheelbarrow
37:07 Cavalier
37:49 Husbandry
38:00 Caravan
38:29 Chain Barding Armor
38:25 Leather Archer Armor
39:13 Chemistry
37:38 Two-Handed Swordsman
39:38 Plate Mail Armor
39:09 Bodkin Arrow
38:45 Paladin
39:03 Champion
42:09 Blast Furnace
42:03 Plate Barding Armor
52:16 Halberdier
Connection lost

Rejoining the realm…

Still unreachable

The connection could not be restored.

Session expired

The server has moved on; the page needs a fresh start.